 Dungeon Crawl Stone Soup version 0.21.1-1-g345015fe64 (webtiles) character file.

92 DildoBatman the Sneak (level 4, 0/35 HPs)
             Began as a Formicid Enchanter on Apr 2, 2018.
             Was an Initiate of Sif Muna.
             Slain by a bullfrog skeleton (3 damage)
             ... on level 5 of the Dungeon.
             The game lasted 00:10:41 (3191 turns).

DildoBatman the Sneak (Formicid Enchanter)          Turns: 3191, Time: 00:10:42

Health: 0/35       AC:  6    Str: 14    XL:     4   Next: 90%
Magic:  6/7        EV:  9    Int: 14    God:    Sif Muna [......]
Gold:   136        SH:  0    Dex: 11    Spells: 3/7 levels left

rFire    . . .     SeeInvis +   b - +0 mace
rCold    . . .     Gourm    .   (no shield)
rNeg     . . .     Faith    .   u - +0 scale mail (curse)
rPois    .         Spirit   .   (helmet unavailable)
rElec    .         Reflect  .   (no cloak)
rCorr    .         Harm     .   (no gloves)
MR       .....                  (no boots)
Stlth    ++........             (no amulet)
HPRegen  0.11/turn              m - ring of flight
MPRegen  0.10/turn              w - ring of stealth

@: very slightly contaminated
A: permanent stasis, dig shafts and tunnels, four strong arms, antennae 3
a: Dig, Shaft Self, Renounce Religion, Evoke Flight


You were on level 5 of the Dungeon.
You worshipped Sif Muna.
Sif Muna was noncommittal.
You were hungry.

You visited 2 branches of the dungeon, and saw 6 of its levels.

You collected 136 gold pieces.

Inventory:

Hand Weapons
 a - a +1 dagger
 b - a +0 mace (weapon)
 t - a cursed -2 dagger
Missiles
 d - 103 stones (quivered)
 g - 12 sling bullets
 n - 12 tomahawks
 o - 48 arrows
 p - 24 bolts
Armour
 i - a +0 ring mail
 u - a cursed +0 scale mail (worn)
Jewellery
 m - a ring of flight (left hand)
 w - a ring of stealth (right hand)
Scrolls
 j - a scroll of teleportation {unknown}
 k - a scroll of fog {unknown}
 l - a scroll of remove curse {unknown}
 q - a scroll of identify {unknown}
 r - a scroll of random uselessness {unknown}
 s - 2 scrolls of fear
Potions
 e - a potion of heal wounds {unknown}
 f - a potion of magic {unknown}
 h - 2 potions of flight {unknown}
Books
 c - a book of Maledictions

   Spells                             Type                      Level
   a - Corona                         Hexes                        1
   b - Ensorcelled Hibernation        Hexes/Ice                    2
   c - Confuse                        Hexes                        3
   d - Tukima's Dance                 Hexes                        3
   e - Dazzling Spray                 Conjuration/Hexes            3
Comestibles
 v - 5 rations
 x - 4 chunks of flesh


   Skills:
 - Level 3.0 Fighting
 - Level 1.0 Short Blades
 * Level 2.3 Armour
 - Level 2.0 Dodging
 - Level 4.1 Stealth
 - Level 2.1 Spellcasting
 - Level 3.6 Hexes


You had 3 spell levels left.
You knew the following spells:

 Your Spells              Type           Power        Failure   Level  Hunger
a - Corona                Hex            ##.....      22%         1    #......
b - Confuse               Hex            ##......     54%         3    ###....


Dungeon Overview and Level Annotations

Branches:
Dungeon (4/15)             Temple (1/1) D:4

Altars:
Cheibriados
Dithmenos
Elyvilon
Fedhas
Gozag
Hepliaklqana
Kikubaaqudgha
Makhleb
Nemelex Xobeh
Okawaru
Qazlal
Ru
Sif Muna
Trog
Uskayaw
Vehumet
Wu Jian
Xom
Yredelemnul
Zin
The Shining One

Shops:
D:5 *

Annotations:
D:3 exclusion: adder, Grinder; Name63's ghost, amateur GnWn; Sigmund
D:4 exclusion: worker ant


Innate Abilities, Weirdness & Mutations

You cannot be hasted, slowed, berserked, paralysed or teleported.
You can dig through walls and to a lower floor.
Your four strong arms can wield two-handed weapons with a shield.
You have a pair of large antennae on your head. (SInv)


Message History

You hit the bullfrog skeleton.
The bullfrog skeleton is severely damaged.
The bullfrog skeleton stops glowing.
The bullfrog skeleton completely misses you.
b - a +0 mace (weapon)
The bullfrog skeleton hits you but does no damage.
You barely miss the bullfrog skeleton.
The bullfrog skeleton is severely damaged.
The bullfrog skeleton hits you.
The bullfrog skeleton hits you but does no damage.
Casting: Corona
Confirm with . or Enter, or press ? or * to list all spells.
Aiming: Corona
Press: ? - help, Shift-Dir - straight line, f/p - bullfrog skeleton
Aim: a bullfrog skeleton (severely damaged, chance to defeat MR: 60%)
You miscast Corona.
You are very lightly contaminated with residual magic.
Nothing appears to happen.
The bullfrog skeleton hits you.
You die...

#......{.#.......
#.....{###.......#
#......{.........#
####....##.......#
#....##.......#
###....##...Z...#
.................
......>..Z...#######
......#.....[+..@ZJ#
......#......#####Z###
.................{...#
.................#####
.........#########
........ { { .......
....#. ##+


You could see a jelly, an adder skeleton and a bullfrog skeleton.

Vanquished Creatures
  3 adders
  2 oozes
  2 dart slugs (D:1)
  7 bats
  5 giant cockroaches
  8 goblins
  7 hobgoblins
  3 jackals
  4 kobolds
  A frilled lizard (D:1)
  7 rats
49 creatures vanquished.

Notes
Turn   | Place    | Note
-------+----------+-------------------------------------------
     0 | D:1      | DildoBatman the Formicid Enchanter began the quest for the Orb.
     0 | D:1      | Reached XP level 1. HP: 13/13 MP: 3/3
   442 | D:1      | Reached skill level 1 in Fighting
   540 | D:1      | Reached XP level 2. HP: 22/22 MP: 5/5
   644 | D:1      | Reached XP level 3. HP: 26/28 MP: 3/6
   707 | D:1      | Learned a level 3 spell: Confuse
  1353 | D:2      | Reached XP level 4. HP: 28/35 MP: 4/7
  1715 | D:2      | Reached skill level 1 in Armour
  1715 | D:2      | Reached skill level 4 in Stealth
  2226 | D:3      | Noticed Name63's ghost (amateur GnWn)
  2595 | D:4      | Found a staircase to the Ecumenical Temple.
  2609 | Temple   | Entered the Ecumenical Temple
  2868 | Temple   | Became a worshipper of Sif Muna the Loreminder
  3043 | D:3      | Noticed Grinder
  3129 | D:3      | Noticed Sigmund
  3149 | D:4      | You fall through a shaft!
  3149 | D:5      | Entered Level 5 of the Dungeon
  3149 | D:5      | Found Teahucw's General Store.
  3191 | D:5      | Slain by a bullfrog skeleton

Skill      XL: |  1  2  3  4 |
---------------+-------------+-----
Fighting       | 2 3 |  3.0
Dodging        | 2 |  2.0
Armour         | 2 |  2.3
Stealth        | 4 |  4.1
Short Blades   | |  1.0
Spellcasting   | |  2.1
Hexes          | |  3.6

Action                   |  1- 3 |  4- 6 || total
-------------------------+-------+-------++-------
Melee: Dagger            |   126 |   113 ||   239
       Mace              |       |     1 ||     1
 Cast: Corona            |    32 |    20 ||    52
 Abil: Dig               |     1 |     5 ||     6
  Use: Scroll            |       |     1 ||     1
 Stab: Sleeping          |     1 |     2 ||     3
  Eat: Chunk             |     2 |     6 ||     8
Armor: Robe              |     4 |       ||     4
       Ring mail         |    50 |    28 ||    78
       Scale mail        |       |    12 ||    12
Dodge: Dodged            |    80 |    74 ||   154
